 Dungeon Crawl Stone Soup version 0.22-a0-224-g8cf3520 (webtiles) character file.

38 KristoblXynda the Slasher (level 3, -1/32 HPs)
             Began as a Naga Gladiator on Feb 19, 2018.
             Slain by Sigmund
             ... wielding a +2 scythe of venom
              (7 damage)
             ... on level 2 of the Dungeon.
             The game lasted 00:02:09 (1363 turns).

KristoblXynda the Slasher (Naga Gladiator)          Turns: 1363, Time: 00:02:10

Health: -1/32      AC:  3    Str: 16    XL:     3   Next: 43%
Magic:  3/3        EV: 10    Int:  9    God:
Gold:   59         SH:  0    Dex: 12    Spells: 2/2 levels left

rFire    . . .     SeeInvis +   a - +0 long sword
rCold    . . .     Gourm    .   (no shield)
rNeg     . . .     Faith    .   b - +0 leather armour
rPois    +         Spirit   .   c - +0 helmet
rElec    .         Reflect  .   (no cloak)
rCorr    .         Harm     .   (no gloves)
MR       .....                  (no barding)
Stlth    +.........             (no amulet)
HPRegen  0.10/turn              (no ring)
MPRegen  0.08/turn              (no ring)

@: flying, very slow
A: large, see invisible, deformed body, poison resistance, slowness 2, slow
metabolism 1, spit poison 1, AC +1
a: Spit Poison


You were on level 2 of the Dungeon.
You were not hungry.

You visited 1 branch of the dungeon, and saw 2 of its levels.

You collected 59 gold pieces.

Inventory:

Hand Weapons
 a - a +0 long sword (weapon)
Missiles
 d - a throwing net (quivered)
Armour
 b - a +0 leather armour (worn)
 c - a +0 helmet (worn)
Scrolls
 g - a scroll of amnesia
Comestibles
 f - 3 rations


   Skills:
 - Level 2.0 Fighting
 * Level 3.8 Long Blades
 - Level 2.0 Throwing
 + Level 2.8 Dodging


You had 2 spell levels left.
You didn't know any spells.

Dungeon Overview and Level Annotations

Branches:
Dungeon (2/15)

Altars:

Annotations:
D:2 Sigmund


Innate Abilities, Weirdness & Mutations

You cannot wear boots.
Your serpentine skin is tough. (AC +1)
You have supernaturally acute eyesight. (SInv)
Armour fits poorly on your strangely shaped body.
Your system is resistant to poisons. (rPois)
You cover ground very slowly.
You have a slow metabolism.
You can spit poison.


Message History

It was a potion of flight.
You feel very buoyant.
You fly up into the air.
You feel less confused. The giant cockroach bites you.
* * * LOW HITPOINT WARNING * * *
Sigmund barely misses you. The giant cockroach misses you.
As you read the scroll labeled FUWOHAEBBU, it crumbles to dust.
It is a scroll of amnesia.
You feel forgetful for a moment.
The giant cockroach bites you but does no damage.
Sigmund barely misses you.
As you read the scroll labeled CIAN PODOCUE, it crumbles to dust.
It is a scroll of identify.
You don't have any unidentified items.
The giant cockroach bites you but does no damage.
The giant cockroach barely misses you.
Sigmund hits you from afar with a scythe of venom!
You die...

.###.........#.
............#.#
#######>....#.##
..## #.#......###
...####.###.#.....
........# #.##.###
...####.# #......#
##.# #.#
####.##### .# #.#
#..@s.## # #.
#####@.#
......(........
.....##..######
#### #..# #..#
#..# #..# .. (.
#..#


You could see Sigmund and a giant cockroach.

Vanquished Creatures
  2 adders (D:2)
  A dart slug (D:1)
  A leopard gecko (D:1)
  A giant cockroach (D:2)
  3 goblins
  4 hobgoblins
  3 bats
  2 frilled lizards (D:1)
  A rat (D:2)
18 creatures vanquished.

Notes
Turn   | Place    | Note
-------+----------+-------------------------------------------
     0 | D:1      | KristoblXynda the Naga Gladiator began the quest for the Orb.
     0 | D:1      | Reached XP level 1. HP: 19/19 MP: 1/1
   364 | D:1      | Reached XP level 2. HP: 20/26 MP: 2/2
   818 | D:2      | Noticed Sigmund
   829 | D:2      | Reached XP level 3. HP: 19/32 MP: 3/3
  1363 | D:2      | Slain by Sigmund

Vault maps used:
D:1:      shiori_shiawase
D:2:      lemuel_round_altar, uniq_sigmund

Skill      XL: |  1 |
---------------+----+-----
Throwing       | 2 |  2.0
Fighting       | |  2.0
Long Blades    | |  3.8
Dodging        | |  2.8

Action                   || total
-------------------------++-------
Melee: Long sword        ||    57
Throw: Throwing net      ||     2
 Abil: Spit Poison       ||     6
  Use: Scroll            ||     2
       Potion            ||     1
  Eat: Chunk             ||     1
Armor: Leather armour    ||    22
Dodge: Dodged            ||    38
       Rpst.: Long sword ||    11

Table legend:
 A = Spawn XP
 B = Non-spawn XP
 C = Spawn XP percentage of total XP
 D = Spawn monster count
 E = Non-spawn monster count
 F = Spawn count percentage of total count
 G = Total turns spent on level
                    A         B        C        D         E        F      G
               +---------+---------+-------+---------+---------+-------+---------
         Total |       0 |      55 |   0.0 |       0 |      18 |   0.0 |  1363
               +---------+---------+-------+---------+---------+-------+---------
           D:1 |       0 |      21 |   0.0 |       0 |      11 |   0.0 |   967
           D:2 |       0 |      34 |   0.0 |       0 |       7 |   0.0 |   396
               +---------+---------+-------+---------+---------+-------+---------
